 Dungeon Crawl Stone Soup version 0.14-a0-3315-g09e681a (webtiles) character file.

1175 4tharraofdagon the Chopper (level 8, 0/70 (79) HPs)
             Began as a Troll Berserker on Mar 15, 2014.
             Was a Believer of Trog.
             Slain by a centaur (7 damage)
             ... on Level 7 of the Dungeon.
             The game lasted 00:07:07 (1526 turns).

4tharraofdagon the Chopper (Troll Berserker)        Turns: 1526, Time: 00:07:07

HP   0/70 (79)   AC  5     Str 33      XL: 8   Next:  3%
MP   0/7         EV 10     Int  3      God: Trog [**....]
Gold 140         SH  0     Dex 11      Spells:  0 memorised,  7 levels left

rFire  . . .     SeeInvis .     a - +0 hand axe
rCold  . . .     Clarity  .     b - +0 animal skin
rNeg   . . .     Conserve .     (shield restricted)
rPois  .         rCorr    .     (helmet restricted)
rElec  .         rRot     .     (no cloak)
SustAb . .       Spirit   +     (gloves unavailable)
rMut   .         Warding  .     (boots unavailable)
Gourm  +         Stasis   .     d - amulet of guardian spirit
MR     +++..                    f - +2 ring of dexterity
                                q - ring of protection from magic {unknown}

@: recuperating, mighty, flying, diseased, very slightly contaminated, rotting,
extremely resistant to hostile enchantments, unstealthy
A: unfitting armour, claws 3, fast metabolism 3, gourmand, regeneration 2,
saprovore 2, shaggy fur 1, tough skin 2
a: Burn Spellbooks, Berserk, Trog's Hand, Renounce Religion


You were on level 7 of the Dungeon.
You worshipped Trog.
Trog was pleased with you.
You were not hungry.

You visited 1 branch of the dungeon, and saw 7 of its levels.
You also visited: Ossuary.

You collected 140 gold pieces.

Inventory:

Hand weapons
 a - a +0,+0 hand axe (weapon)
Missiles
 v - 11 darts (quivered)
Armour
 b - a +0 animal skin (worn)
Magical devices
 l - a wand of digging (8)
 n - a wand of disintegration (14)
Comestibles
 c - 3 meat rations
Scrolls
 e - a scroll of random uselessness {unknown}
 g - 2 scrolls of remove curse
 h - 3 scrolls of identify {unknown}
 i - a scroll of blinking {unknown}
 k - 4 scrolls of enchant weapon I {unknown}
 o - 2 scrolls of enchant weapon II {unknown}
 s - a scroll of fog {unknown}
 t - 2 scrolls of fear {unknown}
 u - a scroll of enchant armour {unknown}
Jewellery
 d - an amulet of guardian spirit (around neck)
 f - a +2 ring of dexterity (right claw)
 q - a ring of protection from magic (left claw) {unknown}


   Skills:
 + Level 4.3 Fighting
 * Level 5.4 Axes
 + Level 3.2 Armour
 - Level 2.6 Dodging
 + Level 3.1 Evocations


You had 7 spell levels left.
You didn't know any spells.

Dungeon Overview and Level Annotations

Branches:
Dungeon (7/15)             Temple (0/1) D:5

Altars:
Dithmenos
Okawaru
Sif Muna
Xom


Innate Abilities, Weirdness & Mutations

You are too large for most types of armour.
You have claws for hands.
Your metabolism is lightning-fast.
You like to eat raw meat.
You heal very quickly.
You can eat rotten meat.
You are covered in fur (AC +1).
You have very tough skin (AC +2).


Message History

You hit the centaur.
The centaur is severely wounded.
The centaur hits you!
* * * LOW HITPOINT WARNING * * *
Unknown command.
Unknown command.
You closely miss the centaur.
The centaur is severely wounded.
The centaur closely misses you. The centaur hits you!
* * * LOW HITPOINT WARNING * * *
Unknown command.
You slash the centaur!
The centaur is almost dead.
The centaur closely misses you.
Unknown command.
Unknown command.
You barely miss the centaur.
The centaur is almost dead.
The centaur misses you. The centaur hits you!
You die...

# #.. # #..# # #..#
# #...# #..# #
#...# #..# . #
#...# #..######.. #
#...# #.......... #
#...# #..........#
# #...#
#(.@c.B....# #
#...####((#####...#
#######......(..#
................#
.)..............#
########..###...#
#..# #...# #..#
#...# #..# #...#


You could see a goliath beetle and a centaur.

Vanquished Creatures
  Prince Ribbit (D:4)
  A necrophage (D:7)
  A sky beast (D:5)
  2 centaurs
  A phantom (D:5)
  A giant frog (D:7)
  An eye of draining (D:6)
  A giant frog zombie (D:5)
  A crimson imp (D:7)
  A hound (D:5)
  2 iguanas
  A worker ant (D:5)
  An ogre zombie (D:6)
  A mummy (D:4)
  3 gnolls (D:5)
  2 giant mites
  An adder zombie (D:5)
  2 giant geckos
  3 giant cockroaches
  3 hobgoblins
  6 kobolds
  3 bats
  2 giant newts
  5 goblins
  A goblin skeleton (Ossuary)
  A kobold skeleton (Ossuary)
  An orc zombie (D:4)
  5 quokkas
  5 rats
  A rat skeleton (D:4)
60 creatures vanquished.

Notes
Turn   | Place    | Note
--------------------------------------------------------------
     0 | D:1      | 4tharraofdagon, the Troll Berserker, began the quest for the Orb.
     0 | D:1      | Reached XP level 1. HP: 22/22 MP: 1/1
    97 | D:1      | Reached XP level 2. HP: 25/29 MP: 0/1
   562 | D:4      | Noticed Prince Ribbit
   571 | D:4      | HP: 2/43 [Prince Ribbit (6)]
   572 | D:4      | Killed Prince Ribbit
   572 | D:4      | Reached skill level 3 in Fighting
   572 | D:4      | Reached skill level 1 in Armour
   572 | D:4      | Reached skill level 1 in Evocations
   572 | D:4      | Reached XP level 3. HP: 2/37 MP: 0/2
   572 | D:4      | Reached XP level 4. HP: 2/45 MP: 0/2
   572 | D:4      | Reached XP level 5. HP: 2/53 MP: 0/3
   629 | D:4      | Found a sand-covered staircase.
   637 | Ossuary  | Entered an ossuary
   664 | Ossuary  | HP: 2/53 [mummy (13)]
   759 | D:4      | Reached skill level 4 in Axes
   762 | D:4      | Acquired Trog's second power
   853 | D:5      | Entered Level 5 of the Dungeon
   864 | D:5      | Noticed a phantom
   889 | D:5      | Reached XP level 6. HP: 61/61 MP: 4/4
   920 | D:5      | Killed a phantom
   935 | D:5      | Found a staircase to the Ecumenical Temple.
  1003 | D:5      | Noticed a centaur
  1014 | D:5      | Killed a centaur
  1035 | D:5      | Noticed a sky beast
  1061 | D:5      | Killed a sky beast
  1061 | D:5      | Reached XP level 7. HP: 43/68 MP: 4/5
  1094 | D:5      | Found a shimmering altar of Xom.
  1094 | D:5      | Found an iron altar of Okawaru.
  1095 | D:5      | Found a shadowy altar of Dithmenos.
  1200 | D:5      | Found a deep blue altar of Sif Muna.
  1431 | D:7      | Reached skill level 5 in Axes
  1478 | D:7      | Reached XP level 8. HP: 14/77 MP: 1/7
  1526 | D:7      | Slain by a centaur

Action                   |  1- 3 |  4- 6 |  7- 9 || total
-------------------------+-------+-------+-------++-------
Melee: Hand axe          |    64 |   109 |    85 ||   258
Invok: Berserk           |     1 |     3 |     2 ||     6
       Trog's Hand       |       |       |     2 ||     2
Evoke: Wand              |     1 |     1 |       ||     2
  Use: Potion            |     1 |       |     4 ||     5
       Scroll            |       |     1 |       ||     1
